Connexion

BOSTON Bruins vs TORONTO Maple Leafs (R2)

Created - 28 juillet 2023 at 05:49

Goals
1 2 3 T
BOSTON Bruins 1 2 0 3
TORONTO Maple Leafs 3 0 1 4
Shots
1 2 3 T
BOSTON Bruins 16 11 13 40
TORONTO Maple Leafs 17 12 16 45

GoalsPenalties
1st period
1. TORONTO Maple Leafs , Jonathan Huberdeau 1 (Chad Ruhwedel 1) at 1:45
2. BOSTON Bruins , Rasmus Andersson 1 (Dmitri Orlov 1, Elias Pettersson 1) at 9:10 (PP)
3. TORONTO Maple Leafs , Drew Doughty 1 (Jordan Kyrou 1, Alex Debrincat 1) at 10:19 (PP)
4. TORONTO Maple Leafs , Corey Perry 1 (Chad Ruhwedel 2) at 18:39
Noah Dobson (TOR) for Hooking (Minor) at 4:01
Jordan Kyrou (TOR) for Hooking (Minor) at 6:49
Noah Dobson (TOR) for Holding (Minor) at 8:00
Joe Pavelski (BOS) for Boarding (Minor) at 9:12
Mason Marchment (TOR) for Tripping (Minor) at 11:28
Kaapo Kakko (BOS) for Close Hand On Puck (Minor) at 13:39
2nd period
5. BOSTON Bruins , Elias Pettersson 1 (Jamie Drysdale 1, Andre Burakovsky 1) at 3:53 (PP)
6. BOSTON Bruins , Jonathan Marchessault 1 (Dmitri Orlov 2, Mikael Granlund 1) at 19:34
Sebastian Aho (TOR) for Kneeing (Minor) at 2:16
Dmitri Orlov (BOS) for Interference (Minor) at 15:07
3rd period
7. TORONTO Maple Leafs , Jakub Vrana 1 (Quinn Hughes 1, Dominik Kahun 1) at 11:53 (PP)
Ryan Carpenter (BOS) for Hooking (Minor) at 6:05
Jamie Drysdale (BOS) for Cross-checking (Minor) at 10:29
Chad Ruhwedel (TOR) for Hooking (Minor) at 15:14
Noah Dobson (TOR) for Elbowing (Minor) at 17:54
Goalie Stats
Frederik Andersen (BOS), 41 saves from 45 shots - (0,911), L, 0-1-0, 59:01 minutes
Carter Hart (TOR), 37 saves from 40 shots - (0,925), W, 1-0-0, 60:00 minutes
3 StarsOfficial
1 - Elias Pettersson (BOS)
2 - Rasmus Andersson (BOS)
3 - Jakub Vrana (TOR)
Referees : Chris Lee and Eric Furlatt
Linesman : Brian Mach and Vaughan Rody
Game Note
No Game Note
Finance
Level 1 -- Attendance: 5733 (95,55%) -- Ticket Income 745 290 $
Level 2 -- Attendance: 5014 (86,17%) -- Ticket Income 376 050 $
Level 3 -- Attendance: 1938 (96,90%) -- Ticket Income 96 900 $
Level 4 -- Attendance: 4000 (100,00%) -- Ticket Income 120 000 $
Luxury Box -- Attendance: 1000 (100,00%) -- Ticket Income 260 000 $
Game was played at the Air Canada Centre.
Total Attendance: 17685 (93,97%)
Total Ticket Income: 1 598 240 $
Other Income: 319 648 $
Total Income: 1 917 888 $



Team Name Goals Shots Shots Attemp Shots Blocked PIM HIT PP PK FO%
BOSTON Bruins 340681310272 / 7 (29%)248%
TORONTO Maple Leafs 445831014202 / 5 (40%)252%

BOSTON Bruins
Player Name POS G A P +/- PIM HIT SHT SB MP PP MP PP SHT PK MP PK SHT FO% FOT
Adam BoqvistD000-2045323:145:4434:0510% 0
Andre BurakovskyC/LW/RW011-1006023:455:4436:0810% 0
Chris KreiderLW/RW0000041014:415:4400:2600% 2
Cody GlassC000000208:310:0000:00053% 17
Dmitri OrlovD0221221123:386:1010:0000% 0
Elias PetterssonC1121014021:535:4410:00045% 31
Henri JokiharjuD0000001213:070:0004:2300% 0
Jamie DrysdaleD011-2244122:255:4443:1700% 0
Joe PavelskiC/LW/RW000-120009:146:1000:0000% 1
Jonathan MarchessaultRW1011034023:446:1021:25056% 9
Kaapo KakkoRW000-1211011:520:0000:0000% 0
Max LajoieD0000011113:070:0004:2300% 0
Mikael GranlundC/LW0111034022:196:1030:00055% 11
Rasmus AnderssonD1011021424:276:1010:4800% 0
Ryan Carpenter C/RW000-2213119:320:0004:35046% 39
Thomas NovakC000000002:280:0002:28075% 4
Walker DuehrRW000-101003:050:0000:0000% 1
Zachary SenyshynRW0000002010:250:0001:5400% 0
TORONTO Maple Leafs
Player Name POS G A P +/- PIM HIT SHT SB MP PP MP PP SHT PK MP PK SHT FO% FOT
Adam RuzickaC000000003:130:0000:00050% 2
Alex DebrincatC/LW/RW0110042028:014:2207:29033% 3
Alex GoligoskiD0000010421:390:0004:3000% 0
Chad RuhwedelD0221214222:344:1914:3200% 0
Christopher WagnerC/RW000001107:340:0000:00054% 13
Claude GirouxC/LW/RW0000024024:094:2203:37059% 37
Corey PerryRW101000107:340:0000:0000% 0
Derick BrassardC/LW/RW000000003:130:0000:0000% 0
Dominik KahunC/LW/RW0110002011:404:0600:0000% 0
Drew DoughtyD1011013019:054:1931:0200% 0
Jack McbainC000002103:190:0000:0600% 1
Jakub VranaLW/RW1011025020:244:0623:37067% 3
Jonathan HuberdeauC/LW1011013018:124:0611:25039% 41
Jordan KyrouC/RW0110204027:174:2216:46073% 15
Mason MarchmentLW0001209012:400:0000:0000% 0
Noah DobsonD0000633115:454:0932:5300% 0
Quinn HughesD0110003128:234:0926:1500% 0
Sebastian AhoD0000220212:290:0004:3500% 0



Play-by-Play

1st period


0:01 of 1st period - Jonathan Marchessault wins face-off versus Claude Giroux in neutral zone.
0:18 of 1st period - Shot by Claude Giroux.
0:18 of 1st period - Deflect By Alex Debrincat.
0:18 of 1st period - Stopped by Frederik Andersen with a rebound.
0:20 of 1st period - Shot by Claude Giroux.
0:20 of 1st period - Stopped by Frederik Andersen without a rebound.
0:21 of 1st period - Jonathan Huberdeau wins face-off versus Ryan Carpenter in BOSTON Bruins zone.
0:24 of 1st period - Shot by Jakub Vrana.
0:24 of 1st period - Stopped by Frederik Andersen without a rebound.
0:25 of 1st period - Cody Glass wins face-off versus Christopher Wagner in BOSTON Bruins zone.
0:25 of 1st period - Cody Glass is hit by Christopher Wagner.
0:55 of 1st period - Shot by Henri Jokiharju.
0:55 of 1st period - Stopped by Carter Hart with a rebound.
0:57 of 1st period - Shot by Cody Glass.
0:57 of 1st period - Stopped by Carter Hart with a rebound.
0:59 of 1st period - Shot by Henri Jokiharju.
0:59 of 1st period - Shot Misses the Net.
1:29 of 1st period - Jonathan Huberdeau is hit by Ryan Carpenter .
1:45 of 1st period - Shot by Jonathan Huberdeau.
1:45 of 1st period - Goal by Jonathan Huberdeau - BOSTON Bruins : 0 - TORONTO Maple Leafs : 1.
1:46 of 1st period - Claude Giroux wins face-off versus Elias Pettersson in neutral zone.
1:56 of 1st period - Quinn Hughes is hit by Mikael Granlund and loses puck.
2:52 of 1st period - Shot by Jonathan Huberdeau.
2:52 of 1st period - Deflect By Jakub Vrana.
2:52 of 1st period - Shot Misses the Net.
2:54 of 1st period - Shot by Jakub Vrana.
2:54 of 1st period - Stopped by Frederik Andersen with a rebound.
2:56 of 1st period - Shot by Mason Marchment.
2:56 of 1st period - Stopped by Frederik Andersen with a rebound.
2:58 of 1st period - Shot by Mason Marchment.
2:58 of 1st period - Stopped by Frederik Andersen without a rebound.
2:59 of 1st period - Adam Ruzicka wins face-off versus Ryan Carpenter in BOSTON Bruins zone.
2:59 of 1st period - Adam Ruzicka is hit by Jamie Drysdale.
3:01 of 1st period - Shot by Derick Brassard.
3:01 of 1st period - Deflect By Adam Ruzicka.
3:01 of 1st period - Shot Blocked by Adam Boqvist.
3:10 of 1st period - Adam Boqvist is hit by Sebastian Aho and loses puck.
3:38 of 1st period - Walker Duehr is hit by Noah Dobson and loses puck.
4:01 of 1st period - Minor Penalty to Noah Dobson for Hooking.
4:02 of 1st period - Elias Pettersson wins face-off versus Jordan Kyrou in TORONTO Maple Leafs zone.
4:14 of 1st period - Icing by Chris Kreider.
4:15 of 1st period - Jordan Kyrou wins face-off versus Elias Pettersson in BOSTON Bruins zone.
4:15 of 1st period - Alex Debrincat is hit by Rasmus Andersson and loses puck.
4:59 of 1st period - Off-side.
5:00 of 1st period - Claude Giroux wins face-off versus Joe Pavelski in neutral zone.
5:06 of 1st period - Icing by Adam Boqvist.
5:07 of 1st period - Mikael Granlund wins face-off versus Alex Debrincat in BOSTON Bruins zone.
5:09 of 1st period - Icing by Adam Boqvist.
5:10 of 1st period - Mikael Granlund wins face-off versus Jordan Kyrou in BOSTON Bruins zone.
5:43 of 1st period - Shot by Jamie Drysdale.
5:43 of 1st period - Deflect By Joe Pavelski.
5:43 of 1st period - Shot Blocked by Alex Goligoski.
6:13 of 1st period - Shot by Christopher Wagner.
6:13 of 1st period - Stopped by Frederik Andersen without a rebound.
6:14 of 1st period - Cody Glass wins face-off versus Jonathan Huberdeau in BOSTON Bruins zone.
6:14 of 1st period - Cody Glass is hit by Jakub Vrana.
6:26 of 1st period - Noah Dobson is hit by Chris Kreider and loses puck.
6:42 of 1st period - Shot by Jonathan Huberdeau.
6:42 of 1st period - Shot Misses the Net.
6:44 of 1st period - Shot by Jakub Vrana.
6:44 of 1st period - Deflect By Mason Marchment.
6:44 of 1st period - Stopped by Frederik Andersen without a rebound.
6:45 of 1st period - Claude Giroux wins face-off versus Ryan Carpenter in BOSTON Bruins zone.
6:49 of 1st period - Minor Penalty to Jordan Kyrou for Hooking.
6:50 of 1st period - Jonathan Marchessault wins face-off versus Jonathan Huberdeau in TORONTO Maple Leafs zone.
7:05 of 1st period - Shot by Jonathan Marchessault.
7:05 of 1st period - Shot Misses the Net.
7:13 of 1st period - Shot by Jamie Drysdale.
7:13 of 1st period - Stopped by Carter Hart without a rebound.
7:14 of 1st period - Jonathan Huberdeau wins face-off versus Elias Pettersson in TORONTO Maple Leafs zone.
7:14 of 1st period - Alex Debrincat is hit by Chris Kreider and loses puck.
7:41 of 1st period - Shot by Dmitri Orlov.
7:41 of 1st period - Shot Misses the Net.
7:43 of 1st period - Shot by Dmitri Orlov.
7:43 of 1st period - Shot Misses the Net.
7:57 of 1st period - Shot by Dmitri Orlov.
7:57 of 1st period - Stopped by Carter Hart without a rebound.
7:58 of 1st period - Mikael Granlund wins face-off versus Jonathan Huberdeau in TORONTO Maple Leafs zone.
8:00 of 1st period - Minor Penalty to Noah Dobson for Holding.
8:01 of 1st period - Jonathan Huberdeau wins face-off versus Jonathan Marchessault in TORONTO Maple Leafs zone.
8:32 of 1st period - Shot by Jamie Drysdale.
8:32 of 1st period - Shot Hit the Post.
8:34 of 1st period - Shot by Adam Boqvist.
8:34 of 1st period - Stopped by Carter Hart without a rebound.
8:35 of 1st period - Elias Pettersson wins face-off versus Jack Mcbain in TORONTO Maple Leafs zone.
8:38 of 1st period - Shot by Andre Burakovsky.
8:38 of 1st period - Shot Blocked by Alex Goligoski.
8:40 of 1st period - Shot by Andre Burakovsky.
8:40 of 1st period - Stopped by Carter Hart without a rebound.
8:41 of 1st period - Jonathan Huberdeau wins face-off versus Chris Kreider in TORONTO Maple Leafs zone.
9:08 of 1st period - Shot by Dmitri Orlov.
9:08 of 1st period - Shot Misses the Net.
9:10 of 1st period - Shot by Rasmus Andersson.
9:10 of 1st period - Goal by Rasmus Andersson - BOSTON Bruins : 1 - TORONTO Maple Leafs : 1.
9:11 of 1st period - Jonathan Huberdeau wins face-off versus Walker Duehr in neutral zone.
9:11 of 1st period - Jonathan Huberdeau is hit by Walker Duehr.
9:12 of 1st period - Minor Penalty to Joe Pavelski for Boarding.
9:13 of 1st period - Ryan Carpenter wins face-off versus Claude Giroux in BOSTON Bruins zone.
9:13 of 1st period - Ryan Carpenter is hit by Alex Debrincat.
9:26 of 1st period - Off-side.
9:27 of 1st period - Ryan Carpenter wins face-off versus Jonathan Huberdeau in neutral zone.
9:45 of 1st period - Off-side.
9:46 of 1st period - Claude Giroux wins face-off versus Ryan Carpenter in neutral zone.
10:17 of 1st period - Shot by Jordan Kyrou.
10:17 of 1st period - Shot Misses the Net.
10:19 of 1st period - Shot by Drew Doughty.
10:19 of 1st period - Goal by Drew Doughty - BOSTON Bruins : 1 - TORONTO Maple Leafs : 2.
10:20 of 1st period - Elias Pettersson wins face-off versus Jonathan Huberdeau in neutral zone.
10:23 of 1st period - Quinn Hughes is hit by Elias Pettersson and loses puck.
10:41 of 1st period - Off-side.
10:42 of 1st period - Christopher Wagner wins face-off versus Ryan Carpenter in neutral zone.
10:44 of 1st period - Off-side.
10:45 of 1st period - Claude Giroux wins face-off versus Ryan Carpenter in neutral zone.
11:21 of 1st period - Off-side.
11:22 of 1st period - Jonathan Huberdeau wins face-off versus Elias Pettersson in neutral zone.
11:27 of 1st period - Shot by Mason Marchment.
11:27 of 1st period - Stopped by Frederik Andersen without a rebound.
11:28 of 1st period - Elias Pettersson wins face-off versus Jonathan Huberdeau in BOSTON Bruins zone.
11:28 of 1st period - Minor Penalty to Mason Marchment for Tripping.
11:29 of 1st period - Jordan Kyrou wins face-off versus Mikael Granlund in TORONTO Maple Leafs zone.
11:40 of 1st period - Chad Ruhwedel is hit by Jonathan Marchessault and loses puck.
11:45 of 1st period - Shot by Joe Pavelski.
11:45 of 1st period - Deflect By Jonathan Marchessault.
11:45 of 1st period - Stopped by Carter Hart without a rebound.
11:46 of 1st period - Jordan Kyrou wins face-off versus Elias Pettersson in TORONTO Maple Leafs zone.
11:46 of 1st period - Jordan Kyrou is hit by Chris Kreider.
12:02 of 1st period - Shot by Adam Boqvist.
12:02 of 1st period - Stopped by Carter Hart without a rebound.
12:03 of 1st period - Mikael Granlund wins face-off versus Alex Debrincat in TORONTO Maple Leafs zone.
12:30 of 1st period - Shot by Mikael Granlund.
12:30 of 1st period - Shot Blocked by Chad Ruhwedel.
12:32 of 1st period - Shot by Mikael Granlund.
12:32 of 1st period - Stopped by Carter Hart with a rebound.
13:12 of 1st period - Shot by Elias Pettersson.
13:12 of 1st period - Shot Misses the Net.
13:14 of 1st period - Shot by Adam Boqvist.
13:14 of 1st period - Stopped by Carter Hart with a rebound.
13:16 of 1st period - Shot by Andre Burakovsky.
13:16 of 1st period - Stopped by Carter Hart without a rebound.
13:17 of 1st period - Elias Pettersson wins face-off versus Claude Giroux in TORONTO Maple Leafs zone.
13:39 of 1st period - Minor Penalty to Kaapo Kakko for Close Hand On Puck.
13:40 of 1st period - Ryan Carpenter wins face-off versus Jonathan Huberdeau in BOSTON Bruins zone.
13:42 of 1st period - Henri Jokiharju is hit by Jonathan Huberdeau.
13:45 of 1st period - Icing by Dominik Kahun.
13:46 of 1st period - Ryan Carpenter wins face-off versus Jonathan Huberdeau in TORONTO Maple Leafs zone.
13:53 of 1st period - Shot by Andre Burakovsky.
13:53 of 1st period - Stopped by Carter Hart with a rebound.
13:58 of 1st period - Off-side.
13:59 of 1st period - Ryan Carpenter wins face-off versus Claude Giroux in neutral zone.
14:30 of 1st period - Shot by Jordan Kyrou.
14:30 of 1st period - Deflect By Alex Debrincat.
14:30 of 1st period - Shot Blocked by Max Lajoie.
14:32 of 1st period - Shot by Claude Giroux.
14:32 of 1st period - Shot Misses the Net.
14:34 of 1st period - Shot by Jordan Kyrou.
14:34 of 1st period - Shot Misses the Net.
14:38 of 1st period - Shot by Jordan Kyrou.
14:38 of 1st period - Stopped by Frederik Andersen without a rebound.
14:39 of 1st period - Ryan Carpenter wins face-off versus Jonathan Huberdeau in BOSTON Bruins zone.
14:50 of 1st period - Shot by Adam Boqvist.
14:50 of 1st period - Stopped by Carter Hart without a rebound.
14:51 of 1st period - Jakub Vrana wins face-off versus Ryan Carpenter in TORONTO Maple Leafs zone.
14:59 of 1st period - Jakub Vrana is hit by Max Lajoie and loses puck.
15:08 of 1st period - Shot by Jakub Vrana.
15:08 of 1st period - Shot Misses the Net.
15:33 of 1st period - Icing by Jonathan Huberdeau.
15:34 of 1st period - Thomas Novak wins face-off versus Jonathan Huberdeau in TORONTO Maple Leafs zone.
16:56 of 1st period - Shot by Sebastian Aho.
16:56 of 1st period - Shot Blocked by Rasmus Andersson.
17:08 of 1st period - Shot by Jack Mcbain.
17:08 of 1st period - Stopped by Frederik Andersen without a rebound.
17:09 of 1st period - Ryan Carpenter wins face-off versus Jonathan Huberdeau in BOSTON Bruins zone.
17:42 of 1st period - Shot by Andre Burakovsky.
17:42 of 1st period - Stopped by Carter Hart without a rebound.
17:43 of 1st period - Claude Giroux wins face-off versus Cody Glass in TORONTO Maple Leafs zone.
18:07 of 1st period - Shot by Quinn Hughes.
18:07 of 1st period - Stopped by Frederik Andersen without a rebound.
18:08 of 1st period - Christopher Wagner wins face-off versus Ryan Carpenter in BOSTON Bruins zone.
18:08 of 1st period - Chad Ruhwedel is hit by Jamie Drysdale and loses puck.
18:19 of 1st period - Shot by Chad Ruhwedel.
18:19 of 1st period - Stopped by Frederik Andersen with a rebound.
18:21 of 1st period - Shot by Christopher Wagner.
18:21 of 1st period - Deflect By Dominik Kahun.
18:21 of 1st period - Shot Misses the Net.
18:39 of 1st period - Shot by Corey Perry.
18:39 of 1st period - Goal by Corey Perry - BOSTON Bruins : 1 - TORONTO Maple Leafs : 3.
18:40 of 1st period - Cody Glass wins face-off versus Claude Giroux in neutral zone.
19:13 of 1st period - Shot by Claude Giroux.
19:13 of 1st period - Stopped by Frederik Andersen without a rebound.
19:14 of 1st period - Elias Pettersson wins face-off versus Jonathan Huberdeau in BOSTON Bruins zone.
19:22 of 1st period - Jakub Vrana is hit by Rasmus Andersson and loses puck.
19:37 of 1st period - Shot by Dmitri Orlov.
19:37 of 1st period - Shot Misses the Net.
19:39 of 1st period - Shot by Elias Pettersson.
19:39 of 1st period - Stopped by Carter Hart without a rebound.
19:40 of 1st period - Claude Giroux wins face-off versus Ryan Carpenter in TORONTO Maple Leafs zone.
19:40 of 1st period - Claude Giroux is hit by Kaapo Kakko.
19:47 of 1st period - Off-side.
19:48 of 1st period - Claude Giroux wins face-off versus Ryan Carpenter in neutral zone.
19:54 of 1st period - Jordan Kyrou is hit by Adam Boqvist and loses puck.
Goals for this period are 1 for BOSTON Bruins vs 3 for TORONTO Maple Leafs.
Shots for this period are 16 for BOSTON Bruins vs 17 for TORONTO Maple Leafs.

2nd period


0:01 of 2nd period - Claude Giroux wins face-off versus Jonathan Marchessault in neutral zone.
0:31 of 2nd period - Mikael Granlund is hit by Chad Ruhwedel and loses puck.
1:01 of 2nd period - Icing by Quinn Hughes.
1:02 of 2nd period - Jakub Vrana wins face-off versus Ryan Carpenter in TORONTO Maple Leafs zone.
2:16 of 2nd period - Minor Penalty to Sebastian Aho for Kneeing.
2:17 of 2nd period - Jordan Kyrou wins face-off versus Mikael Granlund in TORONTO Maple Leafs zone.
2:49 of 2nd period - Off-side.
2:50 of 2nd period - Jordan Kyrou wins face-off versus Elias Pettersson in neutral zone.
2:56 of 2nd period - Icing by Andre Burakovsky.
2:57 of 2nd period - Jordan Kyrou wins face-off versus Elias Pettersson in BOSTON Bruins zone.
3:06 of 2nd period - Shot by Jamie Drysdale.
3:06 of 2nd period - Stopped by Carter Hart without a rebound.
3:07 of 2nd period - Jordan Kyrou wins face-off versus Mikael Granlund in TORONTO Maple Leafs zone.
3:25 of 2nd period - Shot by Dmitri Orlov.
3:25 of 2nd period - Shot Misses the Net.
3:29 of 2nd period - Shot by Jonathan Marchessault.
3:29 of 2nd period - Shot Blocked by Alex Goligoski.
3:31 of 2nd period - Shot by Mikael Granlund.
3:31 of 2nd period - Stopped by Carter Hart without a rebound.
3:32 of 2nd period - Claude Giroux wins face-off versus Elias Pettersson in TORONTO Maple Leafs zone.
3:45 of 2nd period - Shot by Andre Burakovsky.
3:45 of 2nd period - Shot Blocked by Quinn Hughes.
3:51 of 2nd period - Shot by Jamie Drysdale.
3:51 of 2nd period - Stopped by Carter Hart with a rebound.
3:53 of 2nd period - Shot by Elias Pettersson.
3:53 of 2nd period - Goal by Elias Pettersson - BOSTON Bruins : 2 - TORONTO Maple Leafs : 3.
3:54 of 2nd period - Ryan Carpenter wins face-off versus Jonathan Huberdeau in neutral zone.
4:01 of 2nd period - Shot by Dmitri Orlov.
4:01 of 2nd period - Shot Hit the Post.
5:22 of 2nd period - Shot by Elias Pettersson.
5:22 of 2nd period - Stopped by Carter Hart without a rebound.
5:23 of 2nd period - Cody Glass wins face-off versus Claude Giroux in TORONTO Maple Leafs zone.
6:47 of 2nd period - Shot by Mason Marchment.
6:47 of 2nd period - Stopped by Frederik Andersen without a rebound.
6:48 of 2nd period - Christopher Wagner wins face-off versus Ryan Carpenter in BOSTON Bruins zone.
6:53 of 2nd period - Shot by Christopher Wagner.
6:53 of 2nd period - Shot Blocked by Rasmus Andersson.
6:59 of 2nd period - Shot by Dominik Kahun.
6:59 of 2nd period - Shot Misses the Net.
7:55 of 2nd period - Chad Ruhwedel is hit by Mikael Granlund and loses puck.
8:17 of 2nd period - Jordan Kyrou is hit by Jamie Drysdale and loses puck.
8:40 of 2nd period - Icing by Sebastian Aho.
8:41 of 2nd period - Cody Glass wins face-off versus Jonathan Huberdeau in TORONTO Maple Leafs zone.
8:44 of 2nd period - Shot by Zachary Senyshyn.
8:44 of 2nd period - Stopped by Carter Hart without a rebound.
8:45 of 2nd period - Cody Glass wins face-off versus Jonathan Huberdeau in TORONTO Maple Leafs zone.
8:55 of 2nd period - Icing by Alex Goligoski.
8:56 of 2nd period - Ryan Carpenter wins face-off versus Jonathan Huberdeau in TORONTO Maple Leafs zone.
8:56 of 2nd period - Ryan Carpenter is hit by Alex Goligoski.
9:47 of 2nd period - Off-side.
9:48 of 2nd period - Claude Giroux wins face-off versus Elias Pettersson in neutral zone.
10:22 of 2nd period - Jonathan Marchessault is hit by Alex Debrincat and loses puck.
10:33 of 2nd period - Shot by Claude Giroux.
10:33 of 2nd period - Stopped by Frederik Andersen without a rebound.
10:34 of 2nd period - Christopher Wagner wins face-off versus Cody Glass in BOSTON Bruins zone.
10:42 of 2nd period - Icing by Zachary Senyshyn.
10:43 of 2nd period - Jonathan Huberdeau wins face-off versus Cody Glass in BOSTON Bruins zone.
10:58 of 2nd period - Shot by Jakub Vrana.
10:58 of 2nd period - Deflect By Mason Marchment.
10:58 of 2nd period - Stopped by Frederik Andersen with a rebound.
11:00 of 2nd period - Shot by Jakub Vrana.
11:00 of 2nd period - Shot Misses the Net.
11:02 of 2nd period - Shot by Mason Marchment.
11:02 of 2nd period - Shot Misses the Net.
11:04 of 2nd period - Shot by Quinn Hughes.
11:04 of 2nd period - Shot Blocked by Henri Jokiharju.
11:06 of 2nd period - Shot by Mason Marchment.
11:06 of 2nd period - Shot Misses the Net.
11:08 of 2nd period - Shot by Jakub Vrana.
11:08 of 2nd period - Stopped by Frederik Andersen without a rebound.
11:09 of 2nd period - Claude Giroux wins face-off versus Elias Pettersson in BOSTON Bruins zone.
11:12 of 2nd period - Shot by Jordan Kyrou.
11:12 of 2nd period - Shot Blocked by Dmitri Orlov.
11:14 of 2nd period - Shot by Alex Debrincat.
11:14 of 2nd period - Deflect By Claude Giroux.
11:14 of 2nd period - Shot Misses the Net.
11:16 of 2nd period - Shot by Chad Ruhwedel.
11:16 of 2nd period - Shot Hit the Post.
11:18 of 2nd period - Shot by Chad Ruhwedel.
11:18 of 2nd period - Shot Misses the Net.
11:20 of 2nd period - Shot by Chad Ruhwedel.
11:20 of 2nd period - Stopped by Frederik Andersen with a rebound.
11:22 of 2nd period - Shot by Jordan Kyrou.
11:22 of 2nd period - Shot Misses the Net.
11:24 of 2nd period - Shot by Chad Ruhwedel.
11:24 of 2nd period - Deflect By Claude Giroux.
11:24 of 2nd period - Shot Blocked by Rasmus Andersson.
11:26 of 2nd period - Shot by Chad Ruhwedel.
11:26 of 2nd period - Stopped by Frederik Andersen without a rebound.
11:27 of 2nd period - Ryan Carpenter wins face-off versus Christopher Wagner in BOSTON Bruins zone.
11:54 of 2nd period - Shot by Dominik Kahun.
11:54 of 2nd period - Stopped by Frederik Andersen without a rebound.
11:55 of 2nd period - Claude Giroux wins face-off versus Elias Pettersson in BOSTON Bruins zone.
11:58 of 2nd period - Shot by Jordan Kyrou.
11:58 of 2nd period - Stopped by Frederik Andersen without a rebound.
11:59 of 2nd period - Mikael Granlund wins face-off versus Claude Giroux in BOSTON Bruins zone.
11:59 of 2nd period - Mikael Granlund is hit by Claude Giroux.
12:05 of 2nd period - Shot by Jonathan Marchessault.
12:05 of 2nd period - Deflect By Elias Pettersson.
12:05 of 2nd period - Stopped by Carter Hart with a rebound.
12:22 of 2nd period - Shot by Jordan Kyrou.
12:22 of 2nd period - Stopped by Frederik Andersen without a rebound.
12:23 of 2nd period - Jonathan Huberdeau wins face-off versus Ryan Carpenter in BOSTON Bruins zone.
12:40 of 2nd period - Shot by Mason Marchment.
12:40 of 2nd period - Stopped by Frederik Andersen without a rebound.
12:41 of 2nd period - Elias Pettersson wins face-off versus Claude Giroux in BOSTON Bruins zone.
13:51 of 2nd period - Shot by Quinn Hughes.
13:51 of 2nd period - Shot Blocked by Adam Boqvist.
13:53 of 2nd period - Shot by Quinn Hughes.
13:53 of 2nd period - Shot Misses the Net.
14:11 of 2nd period - Shot by Jakub Vrana.
14:11 of 2nd period - Deflect By Mason Marchment.
14:11 of 2nd period - Stopped by Frederik Andersen without a rebound.
14:12 of 2nd period - Christopher Wagner wins face-off versus Cody Glass in BOSTON Bruins zone.
14:41 of 2nd period - Shot by Zachary Senyshyn.
14:41 of 2nd period - Shot Blocked by Sebastian Aho.
14:43 of 2nd period - Shot by Chris Kreider.
14:43 of 2nd period - Shot Blocked by Sebastian Aho.
14:45 of 2nd period - Shot by Cody Glass.
14:45 of 2nd period - Stopped by Carter Hart with a rebound.
14:47 of 2nd period - Shot by Cody Glass.
14:47 of 2nd period - Shot Misses the Net.
14:49 of 2nd period - Shot by Max Lajoie.
14:49 of 2nd period - Stopped by Carter Hart without a rebound.
14:50 of 2nd period - Elias Pettersson wins face-off versus Jonathan Huberdeau in TORONTO Maple Leafs zone.
14:56 of 2nd period - Icing by Jonathan Huberdeau.
14:57 of 2nd period - Jonathan Huberdeau wins face-off versus Elias Pettersson in TORONTO Maple Leafs zone.
15:07 of 2nd period - Minor Penalty to Dmitri Orlov for Interference.
15:08 of 2nd period - Ryan Carpenter wins face-off versus Claude Giroux in BOSTON Bruins zone.
15:16 of 2nd period - Icing by Noah Dobson.
15:17 of 2nd period - Ryan Carpenter wins face-off versus Claude Giroux in TORONTO Maple Leafs zone.
15:22 of 2nd period - Shot by Ryan Carpenter .
15:22 of 2nd period - Shot Blocked by Noah Dobson.
15:58 of 2nd period - Shot by Noah Dobson.
15:58 of 2nd period - Stopped by Frederik Andersen without a rebound.
15:59 of 2nd period - Thomas Novak wins face-off versus Jonathan Huberdeau in BOSTON Bruins zone.
15:59 of 2nd period - Adam Boqvist is hit by Jakub Vrana and loses puck.
16:13 of 2nd period - Jonathan Huberdeau is hit by Adam Boqvist.
16:21 of 2nd period - Shot by Chad Ruhwedel.
16:21 of 2nd period - Shot Misses the Net.
16:23 of 2nd period - Shot by Chad Ruhwedel.
16:23 of 2nd period - Shot Blocked by Adam Boqvist.
17:14 of 2nd period - Rasmus Andersson is hit by Jack Mcbain and loses puck.
17:27 of 2nd period - Quinn Hughes is hit by Jonathan Marchessault and loses puck.
17:44 of 2nd period - Shot by Dmitri Orlov.
17:44 of 2nd period - Shot Misses the Net.
17:46 of 2nd period - Shot by Mikael Granlund.
17:46 of 2nd period - Stopped by Carter Hart without a rebound.
17:47 of 2nd period - Cody Glass wins face-off versus Claude Giroux in TORONTO Maple Leafs zone.
17:47 of 2nd period - Henri Jokiharju is hit by Sebastian Aho and loses puck.
17:59 of 2nd period - Icing by Sebastian Aho.
18:00 of 2nd period - Ryan Carpenter wins face-off versus Claude Giroux in TORONTO Maple Leafs zone.
18:16 of 2nd period - Adam Boqvist is hit by Claude Giroux and loses puck.
18:37 of 2nd period - Off-side.
18:38 of 2nd period - Jonathan Huberdeau wins face-off versus Elias Pettersson in neutral zone.
18:40 of 2nd period - Quinn Hughes is hit by Jonathan Marchessault and loses puck.
19:15 of 2nd period - Icing by Dmitri Orlov.
19:16 of 2nd period - Christopher Wagner wins face-off versus Elias Pettersson in BOSTON Bruins zone.
19:16 of 2nd period - Christopher Wagner is hit by Dmitri Orlov.
19:34 of 2nd period - Shot by Jonathan Marchessault.
19:34 of 2nd period - Goal by Jonathan Marchessault - BOSTON Bruins : 3 - TORONTO Maple Leafs : 3.
19:35 of 2nd period - Claude Giroux wins face-off versus Ryan Carpenter in neutral zone.
19:45 of 2nd period - Icing by Alex Debrincat.
19:46 of 2nd period - Claude Giroux wins face-off versus Cody Glass in TORONTO Maple Leafs zone.
Goals for this period are 2 for BOSTON Bruins vs 0 for TORONTO Maple Leafs.
Shots for this period are 11 for BOSTON Bruins vs 12 for TORONTO Maple Leafs.

3rd period


0:01 of 3rd period - Elias Pettersson wins face-off versus Claude Giroux in neutral zone.
0:33 of 3rd period - Shot by Alex Debrincat.
0:33 of 3rd period - Stopped by Frederik Andersen without a rebound.
0:34 of 3rd period - Ryan Carpenter wins face-off versus Jonathan Huberdeau in BOSTON Bruins zone.
0:45 of 3rd period - Shot by Kaapo Kakko.
0:45 of 3rd period - Shot Misses the Net.
1:01 of 3rd period - Shot by Andre Burakovsky.
1:01 of 3rd period - Stopped by Carter Hart without a rebound.
1:02 of 3rd period - Claude Giroux wins face-off versus Cody Glass in TORONTO Maple Leafs zone.
1:11 of 3rd period - Shot by Alex Debrincat.
1:11 of 3rd period - Shot Misses the Net.
1:18 of 3rd period - Rasmus Andersson is hit by Noah Dobson and loses puck.
1:31 of 3rd period - Shot by Claude Giroux.
1:31 of 3rd period - Shot Misses the Net.
1:33 of 3rd period - Shot by Jordan Kyrou.
1:33 of 3rd period - Stopped by Frederik Andersen without a rebound.
1:34 of 3rd period - Jonathan Huberdeau wins face-off versus Elias Pettersson in BOSTON Bruins zone.
2:05 of 3rd period - Shot by Jonathan Huberdeau.
2:05 of 3rd period - Deflect By Jakub Vrana.
2:05 of 3rd period - Shot Blocked by Jamie Drysdale.
2:50 of 3rd period - Icing by Ryan Carpenter .
2:51 of 3rd period - Ryan Carpenter wins face-off versus Christopher Wagner in BOSTON Bruins zone.
3:08 of 3rd period - Shot by Christopher Wagner.
3:08 of 3rd period - Deflect By Dominik Kahun.
3:08 of 3rd period - Stopped by Frederik Andersen without a rebound.
3:09 of 3rd period - Claude Giroux wins face-off versus Cody Glass in BOSTON Bruins zone.
3:46 of 3rd period - Shot by Chris Kreider.
3:46 of 3rd period - Stopped by Carter Hart without a rebound.
3:47 of 3rd period - Elias Pettersson wins face-off versus Christopher Wagner in TORONTO Maple Leafs zone.
4:05 of 3rd period - Jonathan Marchessault is hit by Drew Doughty and loses puck.
4:08 of 3rd period - Shot by Elias Pettersson.
4:08 of 3rd period - Deflect By Jonathan Marchessault.
4:08 of 3rd period - Stopped by Carter Hart without a rebound.
4:09 of 3rd period - Jonathan Huberdeau wins face-off versus Ryan Carpenter in TORONTO Maple Leafs zone.
4:24 of 3rd period - Shot by Mason Marchment.
4:24 of 3rd period - Stopped by Frederik Andersen without a rebound.
4:25 of 3rd period - Claude Giroux wins face-off versus Mikael Granlund in BOSTON Bruins zone.
4:29 of 3rd period - Jordan Kyrou is hit by Dmitri Orlov and loses puck.
4:32 of 3rd period - Shot by Alex Debrincat.
4:32 of 3rd period - Shot Misses the Net.
5:30 of 3rd period - Shot by Adam Boqvist.
5:30 of 3rd period - Stopped by Carter Hart without a rebound.
5:31 of 3rd period - Ryan Carpenter wins face-off versus Jonathan Huberdeau in TORONTO Maple Leafs zone.
5:40 of 3rd period - Shot by Ryan Carpenter .
5:40 of 3rd period - Stopped by Carter Hart with a rebound.
5:44 of 3rd period - Shot by Kaapo Kakko.
5:44 of 3rd period - Stopped by Carter Hart without a rebound.
5:45 of 3rd period - Cody Glass wins face-off versus Christopher Wagner in TORONTO Maple Leafs zone.
5:52 of 3rd period - Shot by Zachary Senyshyn.
5:52 of 3rd period - Stopped by Carter Hart without a rebound.
5:53 of 3rd period - Jonathan Huberdeau wins face-off versus Ryan Carpenter in TORONTO Maple Leafs zone.
6:05 of 3rd period - Minor Penalty to Ryan Carpenter for Hooking.
6:06 of 3rd period - Jonathan Marchessault wins face-off versus Claude Giroux in BOSTON Bruins zone.
6:06 of 3rd period - Jonathan Marchessault is hit by Alex Debrincat.
6:32 of 3rd period - Shot by Noah Dobson.
6:32 of 3rd period - Stopped by Frederik Andersen without a rebound.
6:33 of 3rd period - Jonathan Marchessault wins face-off versus Jonathan Huberdeau in BOSTON Bruins zone.
6:38 of 3rd period - Shot by Drew Doughty.
6:38 of 3rd period - Stopped by Frederik Andersen with a rebound.
6:40 of 3rd period - Shot by Drew Doughty.
6:40 of 3rd period - Stopped by Frederik Andersen without a rebound.
6:41 of 3rd period - Jonathan Huberdeau wins face-off versus Jonathan Marchessault in BOSTON Bruins zone.
6:42 of 3rd period - Shot by Quinn Hughes.
6:42 of 3rd period - Stopped by Frederik Andersen with a rebound.
7:02 of 3rd period - Shot by Noah Dobson.
7:02 of 3rd period - Shot Misses the Net.
7:04 of 3rd period - Shot by Quinn Hughes.
7:04 of 3rd period - Stopped by Frederik Andersen without a rebound.
7:05 of 3rd period - Claude Giroux wins face-off versus Thomas Novak in BOSTON Bruins zone.
7:32 of 3rd period - Shot by Claude Giroux.
7:32 of 3rd period - Shot Misses the Net.
7:34 of 3rd period - Shot by Chad Ruhwedel.
7:34 of 3rd period - Shot Misses the Net.
7:36 of 3rd period - Shot by Chad Ruhwedel.
7:36 of 3rd period - Stopped by Frederik Andersen without a rebound.
7:37 of 3rd period - Jonathan Marchessault wins face-off versus Jakub Vrana in BOSTON Bruins zone.
8:07 of 3rd period - Off-side.
8:08 of 3rd period - Alex Debrincat wins face-off versus Ryan Carpenter in neutral zone.
8:15 of 3rd period - Shot by Jordan Kyrou.
8:15 of 3rd period - Shot Misses the Net.
8:24 of 3rd period - Off-side.
8:25 of 3rd period - Elias Pettersson wins face-off versus Jonathan Huberdeau in neutral zone.
8:43 of 3rd period - Icing by Alex Goligoski.
8:44 of 3rd period - Ryan Carpenter wins face-off versus Jonathan Huberdeau in TORONTO Maple Leafs zone.
9:01 of 3rd period - Icing by Ryan Carpenter .
9:02 of 3rd period - Claude Giroux wins face-off versus Ryan Carpenter in BOSTON Bruins zone.
9:59 of 3rd period - Off-side.
10:00 of 3rd period - Cody Glass wins face-off versus Christopher Wagner in neutral zone.
10:29 of 3rd period - Minor Penalty to Jamie Drysdale for Cross-checking.
10:30 of 3rd period - Jonathan Huberdeau wins face-off versus Ryan Carpenter in BOSTON Bruins zone.
10:37 of 3rd period - Shot by Jonathan Huberdeau.
10:37 of 3rd period - Stopped by Frederik Andersen with a rebound.
10:39 of 3rd period - Shot by Jakub Vrana.
10:39 of 3rd period - Shot Misses the Net.
10:41 of 3rd period - Shot by Jakub Vrana.
10:41 of 3rd period - Stopped by Frederik Andersen without a rebound.
10:42 of 3rd period - Ryan Carpenter wins face-off versus Claude Giroux in BOSTON Bruins zone.
10:42 of 3rd period - Ryan Carpenter is hit by Alex Debrincat.
11:06 of 3rd period - Shot by Chad Ruhwedel.
11:06 of 3rd period - Shot Blocked by Ryan Carpenter .
11:08 of 3rd period - Shot by Alex Debrincat.
11:08 of 3rd period - Shot Blocked by Rasmus Andersson.
11:42 of 3rd period - Shot by Noah Dobson.
11:42 of 3rd period - Stopped by Frederik Andersen without a rebound.
11:43 of 3rd period - Thomas Novak wins face-off versus Jonathan Huberdeau in BOSTON Bruins zone.
11:53 of 3rd period - Shot by Jakub Vrana.
11:53 of 3rd period - Goal by Jakub Vrana - BOSTON Bruins : 3 - TORONTO Maple Leafs : 4.
11:54 of 3rd period - Elias Pettersson wins face-off versus Adam Ruzicka in neutral zone.
11:54 of 3rd period - Jonathan Marchessault is hit by Jack Mcbain and loses puck.
12:37 of 3rd period - Shot by Derick Brassard.
12:37 of 3rd period - Shot Blocked by Henri Jokiharju.
13:12 of 3rd period - Shot by Claude Giroux.
13:12 of 3rd period - Stopped by Frederik Andersen without a rebound.
13:13 of 3rd period - Jonathan Huberdeau wins face-off versus Ryan Carpenter in BOSTON Bruins zone.
13:22 of 3rd period - Shot by Jonathan Huberdeau.
13:22 of 3rd period - Stopped by Frederik Andersen without a rebound.
13:23 of 3rd period - Christopher Wagner wins face-off versus Cody Glass in BOSTON Bruins zone.
13:40 of 3rd period - Off-side.
13:41 of 3rd period - Claude Giroux wins face-off versus Ryan Carpenter in neutral zone.
14:10 of 3rd period - Jordan Kyrou is hit by Adam Boqvist and loses puck.
14:20 of 3rd period - Claude Giroux is hit by Jamie Drysdale and loses puck.
14:24 of 3rd period - Jordan Kyrou is hit by Adam Boqvist and loses puck.
15:14 of 3rd period - Minor Penalty to Chad Ruhwedel for Hooking.
15:15 of 3rd period - Mikael Granlund wins face-off versus Jordan Kyrou in TORONTO Maple Leafs zone.
15:54 of 3rd period - Shot by Mikael Granlund.
15:54 of 3rd period - Deflect By Jonathan Marchessault.
15:54 of 3rd period - Stopped by Carter Hart without a rebound.
15:55 of 3rd period - Claude Giroux wins face-off versus Elias Pettersson in TORONTO Maple Leafs zone.
16:26 of 3rd period - Shot by Andre Burakovsky.
16:26 of 3rd period - Shot Misses the Net.
16:28 of 3rd period - Shot by Andre Burakovsky.
16:28 of 3rd period - Stopped by Carter Hart without a rebound.
16:29 of 3rd period - Jordan Kyrou wins face-off versus Mikael Granlund in TORONTO Maple Leafs zone.
16:37 of 3rd period - Dmitri Orlov is hit by Noah Dobson and loses puck.
16:48 of 3rd period - Shot by Jonathan Marchessault.
16:48 of 3rd period - Shot Misses the Net.
16:50 of 3rd period - Shot by Mikael Granlund.
16:50 of 3rd period - Shot Misses the Net.
16:52 of 3rd period - Shot by Mikael Granlund.
16:52 of 3rd period - Stopped by Carter Hart without a rebound.
16:53 of 3rd period - Jordan Kyrou wins face-off versus Elias Pettersson in TORONTO Maple Leafs zone.
16:53 of 3rd period - Jordan Kyrou is hit by Chris Kreider.
17:32 of 3rd period - Shot by Ryan Carpenter .
17:32 of 3rd period - Stopped by Carter Hart with a rebound.
17:34 of 3rd period - Shot by Henri Jokiharju.
17:34 of 3rd period - Shot Blocked by Chad Ruhwedel.
17:36 of 3rd period - Shot by Ryan Carpenter .
17:36 of 3rd period - Stopped by Carter Hart without a rebound.
17:37 of 3rd period - Elias Pettersson wins face-off versus Jonathan Huberdeau in TORONTO Maple Leafs zone.
17:46 of 3rd period - Noah Dobson is hit by Mikael Granlund and loses puck.
17:51 of 3rd period - Shot by Mikael Granlund.
17:51 of 3rd period - Shot Misses the Net.
17:53 of 3rd period - Shot by Elias Pettersson.
17:53 of 3rd period - Shot Misses the Net.
17:54 of 3rd period - Minor Penalty to Noah Dobson for Elbowing.
17:55 of 3rd period - Elias Pettersson wins face-off versus Jordan Kyrou in TORONTO Maple Leafs zone.
18:24 of 3rd period - Icing by Andre Burakovsky.
18:25 of 3rd period - Jordan Kyrou wins face-off versus Chris Kreider in BOSTON Bruins zone.
18:42 of 3rd period - Shot by Jamie Drysdale.
18:42 of 3rd period - Stopped by Carter Hart without a rebound.
18:43 of 3rd period - Jordan Kyrou wins face-off versus Jonathan Marchessault in TORONTO Maple Leafs zone.
19:01 of 3rd period - BOSTON Bruins, Frederik Andersen is pulled from the net.
19:01 of 3rd period - Shot by Jonathan Marchessault.
19:01 of 3rd period - Shot Blocked by Alex Goligoski.
Goals for this period are 0 for BOSTON Bruins vs 1 for TORONTO Maple Leafs.
Shots for this period are 13 for BOSTON Bruins vs 16 for TORONTO Maple Leafs.